 Dungeon Crawl Stone Soup version 0.20-a0-502-g555d78b (webtiles) character file.

99 Kwzr the Shooter (level 4, -3/32 HPs)
             Began as a Mummy Wanderer on Jan 20, 2017.
             Slain by an ogre
             ... wielding a +0 giant club
              (8 damage)
             ... on level 6 of the Dungeon.
             The game lasted 00:11:40 (2212 turns).

Kwzr the Shooter (Mummy Wanderer)                   Turns: 2212, Time: 00:11:40

Health: -3/32      AC: 11    Str: 22    XL:     4   Next: 45%
Magic:  4/4        EV:  7    Int:  9    God:
Gold:   159        SH:  0    Dex: 11    Spells: 3/3 levels left

rFire    x . .     SeeInvis .   b - +0 mace
rCold    + . .     Gourm    .   k - +0 chain mail
rNeg     + + +     Faith    .   (no shield)
rPois    ∞         Spirit   .   (no helmet)
rElec    .         Reflect  .   (no cloak)
rCorr    .         Harm     .   (no gloves)
MR       .....                  (no boots)
Stlth    ..........             (no amulet)
Regen    0.1/turn               r - +4 ring of strength
                                g - +2 ring of protection

@: no status effects
A: no food or potions, fire vulnerability, cold resistance 1, negative energy
resistance 3, torment resistance, unbreathing
a: no special abilities


You were on level 6 of the Dungeon.
You were not hungry.

You visited 1 branch of the dungeon, and saw 4 of its levels.

You collected 159 gold pieces.

Inventory:

Hand Weapons
 a - a +2 shortbow
 b - a +0 mace (weapon)
 e - a +0 dagger
 m - a +0 short sword of flaming
Missiles
 c - 19 arrows
 h - 2 tomahawks (quivered)
 i - 33 bolts
Armour
 d - a +0 ring mail
 k - a +0 chain mail (worn)
Jewellery
 g - a +2 ring of protection (left hand)
 o - an uncursed ring of wizardry
 r - a +4 ring of strength (right hand)
Scrolls
 f - a scroll of enchant armour {unknown}
 j - 4 scrolls of identify
 l - 3 scrolls of remove curse {unknown}
 n - a scroll of enchant weapon {unknown}
 q - a scroll of teleportation {unknown}


   Skills:
 - Level 1.0 Fighting
   Level 1.0(1.5) Axes
 + Level 1.7(1.9) Maces & Flails
 + Level 3.2 Bows
 + Level 3.1 Armour
 - Level 1.6 Stealth


You had 3 spell levels left.
You didn't know any spells.

Dungeon Overview and Level Annotations

Branches:
Dungeon (3/15)

Altars:
Dithmenos
Nemelex Xobeh

Annotations:
D:3 1 runed door, 1 exclusion


Innate Abilities, Weirdness & Mutations

You do not eat or drink.
Your flesh is vulnerable to fire.
You are immune to poison.
Your flesh is cold resistant. (rC+)
You are immune to negative energy. (rN+++)
You are immune to unholy pain and torment.
You can survive without breathing.


Message History

The ogre is lightly wounded.
Firing (i - inventory. (,) - cycle):
c - 20 arrows (quivered)
Press: ? - help, Shift-Dir - straight line, f/p - ogre
Aim: an ogre, wielding a giant club (lightly wounded)
You shoot an arrow. The arrow hits the ogre.
The ogre is moderately wounded.
b - a +0 mace (weapon)
The ogre hits you but does no damage.
You hit the ogre.
The ogre is heavily wounded.
The ogre hits you with a giant club!
You hit the ogre but do no damage.
The ogre is heavily wounded.
The ogre hits you with a giant club!
* * * LOW HITPOINT WARNING * * *
You are too injured to fight recklessly!
As you read the scroll labeled VUN KYOWIACY, it crumbles to dust.
The scroll dissolves into smoke.
It was a scroll of fog.
The ogre hits you with a giant club!
You die...

#..####.##......
#..#............
#..#.##.........
#..#.....#.####
...####.##.####
##### #.# ...# #.#
#.# #§#####.#
#§§@O§..#######
#######.......####
#............
#........#.#
#......%##.#
#..........###
#............+
#..........###
#####......# .


You could see an ogre.

Vanquished Creatures
  3 adders
  A worm (D:2)
  A dart slug (D:1)
  2 leopard geckos
  3 orcs (D:3)
  3 ball pythons
  3 giant cockroaches
  7 goblins
  9 hobgoblins
  3 jackals
  4 kobolds
  A quokka (D:6)
  7 bats
  5 frilled lizards
  5 rats
57 creatures vanquished.

Notes
Turn   | Place    | Note
-------+----------+-------------------------------------------
     0 | D:1      | Kwzr the Mummy Wanderer began the quest for the Orb.
     0 | D:1      | Kwzr set off with: a +2 shortbow, 27 arrows, a +0 mace, a +0 ring mail, a +0 dagger
     0 | D:1      | Reached XP level 1. HP: 15/15 MP: 1/1
   158 | D:1      | Reached XP level 2. HP: 20/21 MP: 2/2
   626 | D:2      | Reached skill level 1 in Maces & Flails
   697 | D:2      | Reached XP level 3. HP: 24/26 MP: 3/3
   807 | D:2      | Found a faded altar of an unknown god.
  1529 | D:3      | Reached XP level 4. HP: 29/32 MP: 4/4
  1806 | D:3      | Found a sparkling altar of Nemelex Xobeh.
  1927 | D:3      | Found a shadowy altar of Dithmenos.
  2056 | D:3      | Found a runed door.
  2127 | D:3      | You fall through a shaft for 3 floors!
  2190 | D:6      | Noticed an ogre
  2212 | D:6      | Slain by an ogre

Vault maps used:
D:1:      dpeg_arrival_erosion, nrook_mini_vaults, minmay_ruptured
D:2:      chequers_ecumenical_altar_simple_redux, minmay_misc_feat_hallway
D:3:      grunt_dithmenos_smoke_and_mirrors, nemelex_altar_shiori,
          uniq_crazy_yiuf_cottage
D:6:      nicolae_qazlal_style_of_elements, lemuel_doored_altar, basic_altar,
          kennysheep_small_spiral, uniq_menkaure

Skill      XL: |  1  2  3 |
---------------+----------+-----
Maces & Flails | 1 |  1.7
Armour         | 3 |  3.1
Bows           | 3 |  3.2
Fighting       | |  1.0
Axes           | |  1.0
Stealth        | |  1.6

Action                   |  1- 3 |  4- 6 || total
-------------------------+-------+-------++-------
Melee: Mace              |   137 |    43 ||   180
 Fire: Shortbow          |    20 |    15 ||    35
Throw: Tomahawk          |     3 |       ||     3
  Use: Scroll            |       |     2 ||     2
Armor: Ring mail         |     3 |       ||     3
       Chain mail        |   125 |    39 ||   164
Dodge: Dodged            |    82 |    30 ||   112
